 Dungeon Crawl Stone Soup version 0.20.0-7-g3b7b877 (webtiles) character file.

8822 skittles the Arsonist (level 11, -1/94 HPs)
             Began as a Purple Draconian Fire Elementalist on May 29, 2017.
             Was a Believer of Vehumet.
             Splashed by an oklob plant's acid (14 damage)
             ... on level 1 of the Lair of Beasts.
             The game lasted 00:50:06 (13849 turns).

skittles the Arsonist (DrFE)                       Turns: 13849, Time: 00:50:07

Health: -1/94      AC:  0    Str: 14    XL:     11   Next: 14%
Magic:  19/22      EV: 15    Int: 19    God:    Vehumet [**....]
Gold:   608        SH:  0    Dex: 11    Spells: 13/25 levels left

rFire    . . .     SeeInvis .   O - +6 battleaxe (flame)
rCold    . . .     Gourm    .   (shield currently unavailable)
rNeg     + . .     Faith    .   (armour unavailable)
rPois    .         Spirit   .   (helmet restricted)
rElec    .         Reflect  .   (no cloak)
rCorr    .         Harm     .   n - +1 pair of gloves
MR       ++++.                  e - +2 pair of boots of Melancholy {rN+ MR+ Str+3}
Stlth    +.........             (no amulet)
Regen    0.3/turn               b - ring of protection from magic
MPRegen  0.2/turn               A - ring of protection from magic

@: corroded, drained
A: breathe power, unfitting armour, cold-blooded, AC +7
a: Breathe Dispelling Energy, Renounce Religion


You were on level 1 of the Lair of Beasts.
You worshipped Vehumet.
Vehumet was pleased with you.
You were not hungry.

You visited 3 branches of the dungeon, and saw 13 of its levels.

You collected 608 gold pieces.

Inventory:

Hand Weapons
 G - a +0 glaive
 O - a +6 battleaxe of flaming (weapon)
Armour
 e - the +2 pair of boots of Melancholy (worn) {rN+ MR+ Str+3}
   (You acquired it on level 10 of the Dungeon)

   It affects your strength (+3).
   It protects you from negative energy.
   It affects your resistance to hostile enchantments.
 n - a +1 pair of gloves (worn)
Jewellery
 b - a ring of protection from magic (left hand)
 A - a ring of protection from magic (right hand)
 E - a +3 ring of dexterity
 K - an uncursed ring of ice
Wands
 i - a wand of polymorph (5/24)
 H - a wand of flame (22/48)
 I - a wand of flame (38/48)
 M - a wand of acid (11/15)
 Q - a wand of digging (22/24)
 V - a wand of lightning (6/15)
Scrolls
 l - 5 scrolls of teleportation
 m - 2 scrolls of recharging
 q - 2 scrolls of amnesia
 x - 6 scrolls of remove curse
 N - a scroll of fear
Potions
 c - 6 potions of curing
 g - 3 potions of invisibility
 p - 2 potions of cancellation
 r - 2 potions of lignification
 u - 2 potions of might
 z - 5 potions of haste
 B - a potion of brilliance
 J - a potion of ambrosia
 S - a potion of flight {unknown}
Books
 j - a book of Flames

   Spells                             Type                      Level
   a - Flame Tongue                   Conjuration/Fire             1
   b - Throw Flame                    Conjuration/Fire             2
   c - Conjure Flame                  Conjuration/Fire             3
   d - Inner Flame                    Hexes/Fire                   3
   e - Sticky Flame                   Conjuration/Fire             4
   f - Fireball                       Conjuration/Fire             5
 y - a book of Callings

   Spells                             Type                      Level
   a - Summon Small Mammal            Summoning                    1
   b - Call Imp                       Summoning                    2
   c - Call Canine Familiar           Summoning                    3
   d - Summon Guardian Golem          Hexes/Summoning              3
   e - Summon Lightning Spire         Summoning/Air                4
   f - Summon Ice Beast               Ice/Summoning                4
 R - a book of Enchantments

   Spells                             Type                      Level
   a - Cause Fear                     Hexes                        4
   b - Yara's Violent Unravelling     Hexes/Transmutation          5
   c - Silence                        Hexes/Air                    5
   d - Deflect Missiles               Charms/Air                   6
   e - Discord                        Hexes                        8
Comestibles
 d - 9 bread rations
 f - 2 royal jellies
 h - 5 meat rations
 C - 22 fruits


   Skills:
 + Level 8.0(7.1) Fighting
 + Level 4.6(3.7) Axes
 + Level 7.0(6.1) Dodging
 - Level 1.7(0.9) Stealth
 + Level 7.6(6.7) Spellcasting
 + Level 8.0(7.0) Conjurations
 + Level 0.4(0.0) Hexes
 + Level 8.6(7.7) Fire Magic


You had 13 spell levels left.
You knew the following spells:

 Your Spells              Type           Power        Failure   Level  Hunger
a - Flame Tongue          Conj/Fire      ####.        1%          1    None
b - Conjure Flame         Conj/Fire      ####....     1%          3    ##.....
c - Sticky Flame          Conj/Fire      ####....     4%          4    ####...
d - Cause Fear            Hex            #.........   71%         4    ####...


Dungeon Overview and Level Annotations

Branches:
Dungeon (11/15)            Temple (1/1) D:4            Lair (1/6) D:10
    Orc: D:9-12

Altars:
Ashenzari
Cheibriados
Dithmenos
Elyvilon
Fedhas
Gozag
Hepliaklqana
Kikubaaqudgha
Makhleb
Nemelex Xobeh
Okawaru
Qazlal
Ru
Sif Muna
Trog
Uskayaw
Vehumet
Xom
Yredelemnul
Zin
The Shining One

Shops:
D:3 *

Annotations:
D:11 Hasart's ghost, journeyman GrFi
Lair:1 exclusion: 4 oklob plants


Innate Abilities, Weirdness & Mutations

You can breathe bolts of dispelling energy.
Your rich purple scales are hard. (AC +7)
You cannot fit into any form of body armour.
You are cold-blooded and may be slowed by cold attacks.


Message History

* * * LOW HITPOINT WARNING * * *
You feel much better.
The oklob plant burns!
The oklob plant burns!
The oklob plant spits acid at you. The splash of acid hits you!
The acid corrodes you!
You are splashed with acid!
The acid burns!
* * * LOW HITPOINT WARNING * * *
Okay, then.
The oklob plant burns!
The oklob plant stops burning.
The oklob plant spits acid at you. The splash of acid hits you!
* * * LOW HITPOINT WARNING * * *
The acid corrodes you!
You are splashed with acid!
The acid burns!
* * * LOW HITPOINT WARNING * * *
You feel much better. The oklob plant spits acid at you.
The splash of acid hits you!
* * * LOW HITPOINT WARNING * * *
You are splashed with acid!
The acid burns!
You die...

.#.###..#
#....#....#########.
#####.........#.# .
##P#............##
##................#
##................#
#......†....#?...##
.#PPPP.#.....#..##
#$..:.####.#.###
#...). ##@####
#$?$./##.##
#$P$P$#.## #.$.PP.##
#####.## #.# ##


You could see an oklob plant.

Vanquished Creatures
  The ghost of dorian the Arsonist, a journeyman OpFE of Vehumet (D:11)
  3 two-headed ogres
  A spiny frog (Lair:1)
  A troll (D:10)
  3 hippogriffs
  5 yaks
  3 wyverns (D:10)
  A steam dragon (D:10)
  Eustachio (D:5)
  2 water moccasins
  A porcupine (Lair:1)
  6 ogres
  3 orc warriors
  A necrophage (D:10)
  2 sky beasts
  2 centaurs
  3 crocodiles
  3 big kobolds
  4 bullfrogs
  A gnoll sergeant (D:7)
  A wyvern skeleton (D:7)
  11 killer bees
  3 crimson imps (D:10)
  A centaur zombie (D:10)
  2 hounds
  A jelly (D:5)
  An orc priest (D:8)
  A bullfrog skeleton (D:10)
  8 orc wizards
  Jessica (D:3)
  An iguana (D:10)
  7 worker ants
  A hound skeleton (D:7)
  15 adders
  5 gnolls (D:7)
  An adder zombie (D:5)
  4 worms (D:2)
  4 dart slugs
  11 leopard geckos
  13 orcs
  12 bats
  5 giant cockroaches
  9 goblins
  12 hobgoblins
  7 jackals
  5 quokkas
  2 ball pythons (D:5)
  5 frilled lizards
  29 kobolds
  A leopard gecko skeleton (D:4)
  7 rats
  3 plants (D:5)
236 creatures vanquished.

Vanquished Creatures (others)
  A plant (Lair:1)
1 creature vanquished.

Grand Total: 237 creatures vanquished

Notes
Turn   | Place    | Note
-------+----------+-------------------------------------------
     0 | D:1      | skittles the Draconian Fire Elementalist began the quest for the Orb.
     0 | D:1      | Reached XP level 1. HP: 14/14 MP: 3/3
   359 | D:1      | Reached XP level 2. HP: 16/20 MP: 5/5
   693 | D:1      | Reached XP level 3. HP: 26/26 MP: 3/6
   789 | D:1      | Learned a level 3 spell: Conjure Flame
  1391 | D:2      | Found a hide-covered altar of Uskayaw.
  1614 | D:2      | Found a stormy altar of Qazlal.
  1800 | D:2      | Reached XP level 4. HP: 29/34 MP: 2/7
  1987 | D:2      | Reached skill level 1 in Fighting
  2282 | D:2      | Found a sacrificial altar of Ru.
  2524 | D:2      | Found an opulent altar of Gozag.
  2582 | D:3      | Found an opulent altar of Gozag.
  2585 | D:3      | Found Gozag's Platinum Reserve.
  2618 | D:3      | Reached XP level 5. HP: 35/40 MP: 8/8
  2870 | D:3      | Noticed Jessica
  2888 | D:3      | Killed Jessica
  3071 | D:3      | Learned a level 4 spell: Sticky Flame
  3939 | D:4      | Noticed an ogre
  4201 | D:4      | Killed an ogre
  4201 | D:4      | Reached XP level 6. HP: 19/50 MP: 0/9
  4639 | D:4      | Found a hazy altar of Hepliaklqana.
  4670 | D:4      | Found a staircase to the Ecumenical Temple.
  4675 | Temple   | Entered the Ecumenical Temple
  4954 | D:4      | Found a hazy altar of Hepliaklqana.
  4954 | D:4      | Found a sacrificial altar of Ru.
  4954 | D:4      | Found an iron altar of Okawaru.
  4954 | D:4      | Found a glowing silver altar of Zin.
  4955 | D:4      | Found a deep blue altar of Sif Muna.
  4955 | D:4      | Found an iron altar of Okawaru.
  4956 | D:4      | Found a glowing golden altar of the Shining One.
  4956 | D:4      | Found a white marble altar of Elyvilon.
  4956 | D:4      | Found a deep blue altar of Sif Muna.
  4956 | D:4      | Found a glowing golden altar of the Shining One.
  4956 | D:4      | Found a snail-covered altar of Cheibriados.
  4956 | D:4      | Found a sacrificial altar of Ru.
  5086 | D:4      | Paralysed by fainting for 10 turns
  5096 | D:4      | Paralysed by fainting for 11 turns
  5188 | D:5      | Entered Level 5 of the Dungeon
  5190 | D:5      | Noticed Eustachio
  5199 | D:5      | Killed Eustachio
  5199 | D:5      | Reached skill level 5 in Fire Magic
  5426 | D:5      | Your scales start taking on a rich purple colour.
  5426 | D:5      | Reached XP level 7. HP: 44/57 MP: 5/10
  6120 | D:5      | Found a burning altar of Makhleb.
  6615 | D:6      | Reached XP level 8. HP: 32/66 MP: 8/12
  7316 | D:7      | Reached skill level 5 in Conjurations
  7973 | D:7      | Reached skill level 5 in Fighting
  8195 | D:7      | Found a radiant altar of Vehumet.
  8251 | D:7      | Became a worshipper of Vehumet
  8467 | D:7      | Reached skill level 5 in Dodging
  8498 | D:7      | Noticed a hippogriff
  8760 | D:7      | Killed a hippogriff
  8760 | D:7      | Reached XP level 9. HP: 73/74 MP: 9/16
  8771 | D:7      | Found a shadowy altar of Dithmenos.
  8845 | D:7      | Reached skill level 5 in Spellcasting
 10036 | D:9      | Reached * piety under Vehumet
 10036 | D:9      | Offered knowledge of Shock by Vehumet.
 10147 | D:9      | Found a snail-covered altar of Cheibriados.
 10452 | D:9      | Reached skill level 1 in Axes
 10893 | D:10     | Entered Level 10 of the Dungeon
 11339 | D:10     | Noticed a two-headed ogre
 11409 | D:10     | Killed a two-headed ogre
 11409 | D:10     | Reached XP level 10. HP: 71/84 MP: 15/19
 11628 | D:10     | Found a staircase to the Lair.
 11628 | D:10     | Noticed a two-headed ogre
 11637 | D:10     | Killed a two-headed ogre
 11701 | D:10     | Offered knowledge of Sandblast by Vehumet.
 12043 | D:10     | Reached ** piety under Vehumet
 12357 | D:11     | Noticed dorian's ghost (journeyman OpFE)
 12575 | D:11     | Killed dorian's ghost
 12582 | D:11     | Noticed a two-headed ogre
 12595 | D:11     | Killed a two-headed ogre
 12595 | D:11     | Reached XP level 11. HP: 58/94 MP: 14/22
 12843 | D:11     | Noticed Hasart's ghost (journeyman GrFi)
 13402 | D:10     | Learned a level 4 spell: Cause Fear
 13411 | D:10     | Learned a level 8 spell: Discord
 13555 | Lair:1   | Entered Level 1 of the Lair of Beasts
 13574 | D:10     | Identified a scroll of acquirement
 13575 | D:10     | Got a pair of faintly glowing boots
 13586 | D:10     | Identified the +2 pair of boots of Melancholy {rN+ MR+ Str+3} (You acquired it on level 10 of the Dungeon)
 13754 | Lair:1   | Noticed an oklob plant
 13776 | Lair:1   | Noticed an oklob plant
 13776 | Lair:1   | Noticed an oklob plant
 13776 | Lair:1   | Noticed an oklob plant
 13849 | Lair:1   | Splashed by an oklob plant's acid

Skill      XL: |  1  2  3  4  5  6  7  8  9 10 11 |
---------------+----------------------------------+-----
Conjurations   | 2 3 4 5 7 8 |  8.0
Fire Magic     | 4 5 6 7 8 |  8.6
Dodging        | 2 3 4 5 6 7 |  7.0
Fighting       | 1 2 3 4 5 6 7 8 |  8.0
Spellcasting   | 3 4 6 7 |  7.6
Axes           | 2 4 |  4.6
Stealth        | |  1.7
Hexes          | |  0.4

Action                   |  1- 3 |  4- 6 |  7- 9 | 10-12 || total
-------------------------+-------+-------+-------+-------++-------
Melee: Short sword       |    49 |       |       |       ||    49
       Club              |     6 |       |       |       ||     6
       Tailslap          |    10 |    12 |    38 |     9 ||    69
       Dagger            |    28 |   126 |   235 |       ||   389
       Spear             |    14 |    16 |       |       ||    30
       Whip              |       |       |    65 |       ||    65
       Trident           |       |       |    11 |       ||    11
       Battleaxe         |       |       |    66 |    73 ||   139
 Cast: Flame Tongue      |    38 |    31 |    67 |    33 ||   169
       Conjure Flame     |     2 |     4 |     2 |       ||     8
       Sticky Flame      |       |     4 |    24 |    24 ||    52
 Abil: Breathe Dispellin |       |       |     6 |     1 ||     7
Evoke: Wand              |       |       |       |     1 ||     1
  Use: Potion            |       |       |     1 |     2 ||     3
       Scroll            |       |       |       |    25 ||    25
 Stab: Sleeping          |       |     7 |     8 |       ||    15
  Eat: Chunk             |     3 |    12 |    24 |     6 ||    45
       Fruit             |       |     2 |     1 |     4 ||     7
       Royal jelly       |       |       |       |     1 ||     1
Armor: Skin              |    49 |    50 |   131 |    49 ||   279
Dodge: Dodged            |    79 |    88 |   295 |   141 ||   603
